 Dungeon Crawl Stone Soup version 0.14-a0-2432-g6b3afca (webtiles) character file.

239 4tharraofdagon the Poker (level 5, -19/61 HPs)
             Began as a Merfolk Gladiator on Feb 4, 2014.
             Demolished by Pikel
             ... wielding a +1,+1 whip of electrocution
              (24 damage)
             ... on Level 5 of the Dungeon.
             The game lasted 00:04:49 (1306 turns).

4tharraofdagon the Poker (Merfolk Gladiator)        Turns: 1306, Time: 00:04:49

HP -19/61        AC 24     Str 17      XL: 5   Next:  2%
MP   5/5         EV  1     Int  7      God:
Gold 121         SH  0     Dex 14      Spells:  0 memorised,  4 levels left

rFire  . . .     SeeInvis .     D - +1,+2 halberd (holy)
rCold  . . .     Clarity  .     s - melded +0 chain mail
rNeg   + + +     Conserve .     (no shield)
rPois  +         rCorr    .     x - +1 helmet
rElec  .         rRot     .     (cloak currently unavailable)
SustAb . .       Spirit   .     (gloves currently unavailable)
rMut   .         Warding  .     (boots currently unavailable)
Saprov . . .     NoTele   +     (no amulet)
MR     .....                    (no ring)
                                (no ring)

@: tree-form, not resistant to hostile enchantments, unstealthy
A: (change form in water), (swift swim)
a: no special abilities


You were on level 5 of the Dungeon.
You were not hungry.
You were an animated tree.
You visited 1 branch of the dungeon, and saw 5 of its levels.

You collected 121 gold pieces.

Inventory:

Hand weapons
 a - a +0,+0 trident
 v - a +0,+0 trident
 z - a +0,+0 orcish trident
 A - a +1,+0 long sword of holy wrath
 D - a +1,+2 halberd of holy wrath (weapon)
Armour
 b - a +0 leather armour
 c - a +0 helmet
 s - a +0 chain mail (melded)
 x - a +1 helmet (worn)
Comestibles
 f - 3 bread rations
 l - a snozzcumber
Scrolls
 e - a scroll of noise {unknown}
 g - a scroll of recharging {unknown}
 h - a scroll of amnesia {unknown}
 j - a scroll of curse jewellery {unknown}
 k - a scroll of enchant weapon I {unknown}
 m - a scroll of curse weapon {unknown}
 n - a scroll of teleportation {unknown}
 o - a scroll of fog {unknown}
 p - a scroll of identify
 q - 2 scrolls of remove curse {unknown}
 r - a scroll of magic mapping {unknown}
Jewellery
 y - an uncursed amulet of warding {unknown}
Potions
 i - a potion of flight {unknown}
 t - a potion of agility {unknown}
 u - a potion of mutation {unknown}
 w - 3 potions of curing
 C - a potion of heal wounds


   Skills:
 + Level 3.1 Fighting
 * Level 6.3 Polearms
 - Level 2.0 Throwing
 + Level 1.0 Armour
 + Level 4.7 Dodging


You had 4 spell levels left.
You didn't know any spells.

Dungeon Overview and Level Annotations

Branches:
Dungeon (5/16)
 Temple: D:4-7

Altars:

Annotations:
D:5 Pikel


Message History

Pikel is heavily wounded.
Pikel struggles against the net.
The net rips apart, and Pikel comes free!
The slave struggles against the net.
The net rips apart, and the slave comes free!
Pikel hits you but does no damage.
You hit Pikel.
Pikel is heavily wounded.
Pikel hits you but does no damage.
You are electrocuted!
Unknown command.
You closely miss Pikel.
Pikel is heavily wounded.
Pikel hits you but does no damage.
You are electrocuted!
* * * LOW HITPOINT WARNING * * *
You hit Pikel.
Pikel is heavily wounded.
Pikel hits you with a whip of electrocution.
* * * LOW HITPOINT WARNING * * *
You are electrocuted!
You die...

## . . . .## .##.# ..# .....
##+## #.# #.#.# # #...## #.#
#.#.#.### .....## ##.#
#.#.#...## ......## ##..#
#.#......#
.......####...########.#>.....##
.......'..<)....♣K@z@@.........+
..%....####...########......#.##
......## ##..# #.....## .....##
##.# ##@.### #...## #.# #..#
##+## #.# .... #.# #K##. #.# #.#
. . #..


You could see Pikel, 3 slaves and an iguana zombie.

Vanquished Creatures
  A black bear skeleton (D:5)
  3 gnolls (D:5)
  An adder (D:2)
  A giant gecko (D:2)
  2 oozes
  4 orcs
  A giant cockroach (D:1)
  6 goblins
  3 hobgoblins
  9 jackals
  2 ball pythons (D:1)
  4 bats
  4 giant newts
  A goblin skeleton (D:4)
  4 kobolds
  6 rats
52 creatures vanquished.

Notes
Turn   | Place    | Note
--------------------------------------------------------------
     0 | D:1      | 4tharraofdagon, the Merfolk Gladiator, began the quest for the Orb.
     0 | D:1      | Reached XP level 1. HP: 16/16 MP: 1/1
    72 | D:1      | Reached XP level 2. HP: 18/23 MP: 2/2
   200 | D:1      | Reached skill level 5 in Polearms
   237 | D:2      | Reached XP level 3. HP: 12/28 MP: 3/3
  1027 | D:4      | Reached XP level 4. HP: 31/34 MP: 4/4
  1128 | D:5      | Entered Level 5 of the Dungeon
  1189 | D:5      | Reached skill level 6 in Polearms
  1277 | D:5      | Reached skill level 1 in Armour
  1277 | D:5      | Reached XP level 5. HP: 35/41 MP: 5/5
  1285 | D:5      | Noticed a slave
  1286 | D:5      | Noticed Pikel
  1299 | D:5      | Noticed a slave
  1300 | D:5      | Noticed a slave
  1306 | D:5      | Demolished by Pikel

Action                   |  1- 3 |  4- 6 || total
-------------------------+-------+-------++-------
Melee: Trident           |   135 |     6 ||   141
       Halberd           |       |    13 ||    13
Throw: Throwing net      |     1 |     6 ||     7
  Use: Scroll            |     1 |     3 ||     4
       Potion            |       |     1 ||     1
 Stab: Sleeping          |     2 |       ||     2
       Held in net/web   |       |     3 ||     3
